 Dungeon Crawl Stone Soup version 0.21.0-3-g78d12a8 (webtiles) character file.

485 Monsterracer the Insei (level 7, 0/57 HPs)
             Began as a Naga Transmuter on Jan 9, 2018.
             Was a Follower of Cheibriados.
             Slain by EmerC2's ghost (11 damage)
             ... on level 4 of the Dungeon.
             The game lasted 00:09:20 (4622 turns).

Monsterracer the Insei (Naga Transmuter)            Turns: 4622, Time: 00:09:21

Health: 0/57       AC:  3    Str: 14    XL:     7   Next: 13%
Magic:  5/10       EV: 10    Int: 19    God:    Cheibriados [*.....]
Gold:   113        SH:  0    Dex: 14    Spells: 4/10 levels left

rFire    . . .     SeeInvis +     - Unarmed
rCold    . . .     Gourm    .   (no shield)
rNeg     . . .     Faith    .   b - +0 robe
rPois    +         Spirit   .   (no helmet)
rElec    .         Reflect  .   (no cloak)
rCorr    .         Harm     .   (no gloves)
MR       .....                  (no barding)
Stlth    +.........             (no amulet)
HPRegen  0.19/turn              l - +2 ring of intelligence
MPRegen  0.12/turn              n - ring of wizardry

@: short of breath, appendage, very slow
A: large, horns 2, see invisible, deformed body, poison resistance, slowness 2,
slow metabolism 1, spit poison 1, AC +2
a: Spit Poison, End Transformation, Bend Time, Renounce Religion


You were on level 4 of the Dungeon.
You worshipped Cheibriados.
Cheibriados was aware of your devotion.
You were hungry.
You had grown temporary horns.
You visited 1 branch of the dungeon, and saw 4 of its levels.

You collected 113 gold pieces.

Inventory:

Missiles
 a - 9 arrows
Armour
 b - a +0 robe (worn)
Jewellery
 h - an uncursed ring of protection from cold {!d}
 l - a +2 ring of intelligence (left hand)
 n - a ring of wizardry (right hand)
Scrolls
 g - 2 scrolls of fear {!r}
 i - a scroll of blinking
 k - a scroll of remove curse
 m - 3 scrolls of teleportation
 o - a scroll of magic mapping {!r}
Potions
 e - a potion of haste {unknown}
 f - 2 potions of resistance
 j - a potion of curing {unknown}
 p - 2 potions of heal wounds {unknown}
 q - a potion of invisibility {unknown}
 r - a potion of might {unknown}
Books
 c - a book of Changes

   Spells                             Type                      Level
   a - Beastly Appendage              Transmutation                1
   b - Sticks to Snakes               Transmutation                2
   c - Spider Form                    Transmutation/Poison         3
   d - Ice Form                       Ice/Transmutation            4
   e - Blade Hands                    Transmutation                5
Comestibles
 d - 9 rations


   Skills:
 - Level 1.0 Fighting
 - Level 1.5 Dodging
 * Level 6.1 Unarmed Combat
 - Level 2.0 Spellcasting
 * Level 4.9 Transmutations
 - Level 2.0 Poison Magic


You had 4 spell levels left.
You knew the following spells:

 Your Spells              Type           Power        Failure   Level  Hunger
a - Beastly Appendage     Tmut           ###...       1%          1    #......
b - Sticks to Snakes      Tmut           ###.....     1%          2    ###....
c - Spider Form           Tmut/Pois      ###.......   4%          3    ###....


Dungeon Overview and Level Annotations

Branches:
Dungeon (4/15)
 Temple: D:4-7

Altars:
Cheibriados
Makhleb
Nemelex Xobeh
Uskayaw
Yredelemnul
The Shining One

Annotations:
D:4 EmerC2's ghost, amateur FoCK


Innate Abilities, Weirdness & Mutations

You cannot wear boots.
Your serpentine skin is tough. (AC +2)
You have supernaturally acute eyesight. (SInv)
Armour fits poorly on your strangely shaped body.
Your system is resistant to poisons. (rPois)
You cover ground very slowly.
You have a slow metabolism.
You can spit poison.
You have a pair of horns on your head.


Message History

Your ball python bites EmerC2's ghost but does no damage.
Your adder bites EmerC2's ghost.
The giant cockroach bites you but does no damage.
EmerC2's ghost hits your adder!
You barely miss EmerC2's ghost. You headbutt EmerC2's ghost.
EmerC2's ghost is heavily damaged.
Your ball python closely misses EmerC2's ghost.
Your adder barely misses EmerC2's ghost.
The giant cockroach bites you.
You take 2 damage, and have 32/57 hp.
You barely miss EmerC2's ghost.
EmerC2's ghost is heavily damaged.
Your ball python bites EmerC2's ghost but does no damage.
EmerC2's ghost hits you but does no damage.
Your adder bites EmerC2's ghost.
The giant cockroach bites you but does no damage.
You closely miss EmerC2's ghost.
EmerC2's ghost is severely damaged.
Your ball python misses EmerC2's ghost.
EmerC2's ghost hits you!
* * * LOW HITPOINT WARNING * * *
Your adder barely misses EmerC2's ghost.
The giant cockroach misses you.
You take 10 damage, and have 22/57 hp.
You closely miss EmerC2's ghost. You headbutt EmerC2's ghost.
EmerC2's ghost is severely damaged.
Your ball python closely misses EmerC2's ghost.
Your adder barely misses EmerC2's ghost.
EmerC2's ghost hits you but does no damage.
The giant cockroach bites you.
* * * LOW HITPOINT WARNING * * *
Your ball python bites EmerC2's ghost but does no damage.
You take 2 damage, and have 20/57 hp.
You barely miss EmerC2's ghost. Your headbutt misses EmerC2's ghost.
EmerC2's ghost is severely damaged.
Your adder closely misses EmerC2's ghost.
The giant cockroach barely misses you.
EmerC2's ghost grins evilly.
EmerC2's ghost hits you.
* * * LOW HITPOINT WARNING * * *
Your ball python closely misses EmerC2's ghost.
You take 5 damage, and have 15/57 hp.
You hit EmerC2's ghost but do no damage.
Your punch misses EmerC2's ghost.
EmerC2's ghost is severely damaged.
Your adder bites EmerC2's ghost but does no damage.
The giant cockroach barely misses you. EmerC2's ghost hits your adder!
Your adder dies!
Your ball python bites EmerC2's ghost but does no damage.
You catch the helpless EmerC2's ghost completely off-guard!
You hit EmerC2's ghost but do no damage.
Your headbutt misses EmerC2's ghost.
EmerC2's ghost is severely damaged.
The giant cockroach closely misses you.
Your ball python barely misses EmerC2's ghost.
EmerC2's ghost completely misses you.
You hit EmerC2's ghost but do no damage.
EmerC2's ghost is severely damaged.
The giant cockroach bites you but does no damage.
Your ball python closely misses EmerC2's ghost.
EmerC2's ghost hits you.
* * * LOW HITPOINT WARNING * * *
You take 2 damage, and have 13/57 hp.
Casting: Sticks to Snakes
Confirm with . or Enter, or press ? or * to list all spells.
You create a snake!
You now have 9 arrows.
The giant cockroach bites you.
* * * LOW HITPOINT WARNING * * *
Your ball python misses EmerC2's ghost.
EmerC2's ghost barely misses you. The giant cockroach misses you.
You take 1 damage, and have 12/57 hp.
You now have 5/10 mp.
You closely miss EmerC2's ghost.
EmerC2's ghost is severely damaged.
Your ball python closely misses EmerC2's ghost.
The giant cockroach bites you but does no damage.
EmerC2's ghost barely misses you.
You hit EmerC2's ghost.
EmerC2's ghost is severely damaged.
Your ball python bites EmerC2's ghost but does no damage.
The giant cockroach bites you but does no damage.
Your ball python misses EmerC2's ghost.
EmerC2's ghost barely misses your ball python.
You barely miss EmerC2's ghost.
EmerC2's ghost is severely damaged.
You are feeling hungry.
Your ball python misses EmerC2's ghost.
The giant cockroach bites you.
* * * LOW HITPOINT WARNING * * *
Your ball python barely misses EmerC2's ghost.
You take 2 damage, and have 11/57 hp.
Press: ? - help, Shift-Dir - straight line, f - giant cockroach
Aim: a giant cockroach The splash of poison hits the giant cockroach.
You kill the giant cockroach!
Cheibriados thoroughly appreciates the change of pace.
You feel slightly more hungry.
Your ball python closely misses EmerC2's ghost.
EmerC2's ghost barely misses you.
Your ball python bites EmerC2's ghost.
Your ball python misses EmerC2's ghost.
You hit EmerC2's ghost but do no damage.
EmerC2's ghost is severely damaged.
EmerC2's ghost hits you!
You die...

....###### #..#
#......>.####..########
###...#................
#...######.........#
#...# ##..#######
#....# ##...### #...##
#.....###.. #...#
##.S†...... #..##
#.@W...... #.S##.....
#..# #.... #..# ....
#..# . #..# #..# #..#


You could see EmerC2's ghost and 2 friendly ball pythons.

Vanquished Creatures
  An orc warrior (D:3)
  A bullfrog (D:2)
  A crimson imp (D:3)
  A hound (D:4)
  An orc priest (D:4)
  2 orc wizards
  A worker ant (D:4)
  4 adders
  5 worms
  3 dart slugs
  6 leopard geckos
  9 orcs
  5 giant cockroaches
  9 goblins
  12 hobgoblins
  7 jackals (D:3)
  8 kobolds
  A quokka (D:2)
  A ball python (D:2)
  7 bats
  8 frilled lizards
  5 rats
  A spectral orc (D:3)
99 creatures vanquished.

Notes
Turn   | Place    | Note
-------+----------+-------------------------------------------
     0 | D:1      | Monsterracer the Naga Transmuter began the quest for the Orb.
     0 | D:1      | Reached XP level 1. HP: 18/18 MP: 3/3
   140 | D:1      | HP: 9/18 [goblin (3)]
   147 | D:1      | HP: 3/18 [goblin (2)]
   148 | D:1      | Reached XP level 2. HP: 5/25 MP: 5/5
   152 | D:1      | Learned a level 2 spell: Sticks to Snakes
   157 | D:1      | HP: 5/25 [bat (1)]
   232 | D:1      | HP: 9/25 [bat (1)]
  1046 | D:1      | Reached XP level 3. HP: 31/31 MP: 6/6
  1062 | D:1      | Learned a level 3 spell: Spider Form
  1448 | D:1      | Reached skill level 4 in Unarmed Combat
  1765 | D:2      | Reached skill level 1 in Poison Magic
  1903 | D:2      | Reached XP level 4. HP: 26/38 MP: 3/7
  2136 | D:2      | Noticed a bullfrog
  2141 | D:2      | Killed a bullfrog
  2141 | D:2      | Reached XP level 5. HP: 38/44 MP: 4/8
  2801 | D:3      | Reached skill level 5 in Unarmed Combat
  2888 | D:3      | Noticed an orc warrior
  2898 | D:3      | HP: 16/44 [orc warrior/battleaxe (12)]
  2899 | D:3      | Killed an orc warrior
  2899 | D:3      | Reached XP level 6. HP: 19/51 MP: 6/9
  2903 | D:3      | HP: 14/51 [orc wizard/dagger (4)]
  3132 | D:3      | Found a glowing golden altar of the Shining One.
  3132 | D:3      | Found a sparkling altar of Nemelex Xobeh.
  3133 | D:3      | Found a snail-covered altar of Cheibriados.
  3137 | D:3      | Became a worshipper of Cheibriados the Contemplative
  3217 | D:3      | Found a hide-covered altar of Uskayaw.
  3591 | D:3      | Found a basalt altar of Yredelemnul.
  3796 | D:3      | Found a burning altar of Makhleb.
  4284 | D:4      | HP: 20/51 [orc priest/nerve-wracking pain (11)]
  4290 | D:4      | Reached skill level 6 in Unarmed Combat
  4290 | D:4      | Reached XP level 7. HP: 23/57 MP: 8/10
  4295 | D:4      | Reached * piety under Cheibriados
  4537 | D:4      | Noticed EmerC2's ghost (amateur FoCK)
  4611 | D:4      | HP: 22/57 [EmerC2's ghost (10)]
  4616 | D:4      | HP: 13/57 [EmerC2's ghost (2)]
  4622 | D:4      | Slain by EmerC2's ghost

Skill      XL: |  1  2  3  4  5  6 |
---------------+-------------------+-----
Unarmed Combat | 4 5 6 |  6.1
Poison Magic   | 1 2 |  2.0
Transmutations | 3 4 |  4.9
Fighting       | |  1.0
Dodging        | |  1.5
Spellcasting   | |  2.0

Action                   |  1- 3 |  4- 6 |  7- 9 || total
-------------------------+-------+-------+-------++-------
Melee: Unarmed           |   136 |   198 |    35 ||   369
       Headbutt          |     1 |       |     3 ||     4
       Punch             |     2 |     2 |       ||     4
 Cast: Beastly Appendage |     4 |       |     1 ||     5
       Spider Form       |     2 |    12 |       ||    14
       Sticks to Snakes  |       |       |     3 ||     3
 Abil: Spit Poison       |    10 |     2 |     1 ||    13
  Use: Scroll            |     1 |     7 |       ||     8
 Stab: Sleeping          |       |     1 |       ||     1
       Distracted        |       |       |     1 ||     1
  Eat: Chunk             |     3 |     7 |     1 ||    11
Armor: Robe              |    19 |    22 |     8 ||    49
       Skin              |       |     5 |       ||     5
Dodge: Dodged            |    76 |   115 |    19 ||   210

Vault maps used:
D:1:      giann_wishing_wells
D:3:      yredelemnul_forgotten_temple_becter, lemuel_doored_altar,
          makhleb_grotto_becter, grunt_temple_overflow_open, first_ration,
          nrook_mini_backslash
D:4:      kennysheep_spiral_hall, serial_shops, shop, uniq_duvessa
